 Dungeon Crawl Stone Soup version 0.31-a0-744-gbc345e7 (webtiles) character file.

Game seed: 8078742246092206936

101 BarneyGumball the Cudgeller (level 4, -7/44 HPs)
             Began as an Ogre Gladiator on Sept 13, 2023.
             Was a Believer of Kikubaaqudgha.
             Blown up by Pikel (16 damage)
             ... with a mindburst bolt
             ... on level 4 of the Dungeon.
             The game lasted 00:10:45 (2720 turns).

BarneyGumball the Cudgeller (Ogre Gladiator)        Turns: 2720, Time: 00:10:45

Health: -7/44      AC:  3    Str: 18    XL:     4   Next: 75%
Magic:  4/4        EV: 10    Int: 11    God:    Kikubaaqudgha [**....]
Gold:   194        SH:  0    Dex: 10    Spells: 2/3 levels left

rFire   . . .        q - staff of death
rCold   . . .        (no shield)
rNeg    + . .        b - +0 robe
rPois   .            c - +0 hat
rElec   .            (no cloak)
rCorr   +            (gloves unavailable)
SInv    .            (boots unavailable)
Will    .....        j - amulet of the acrobat
Stlth   +            n - ring of resist corrosion
HPRegen 0.27/turn    (no ring)
MPRegen 0.09/turn

%: acrobat
@: no status effects
A: large, unfitting armour, tough skin 1
a: Renounce Religion, Unearth Wretches


You were on level 4 of the Dungeon.
You worshipped Kikubaaqudgha.
Kikubaaqudgha was pleased with you.
You visited 1 branch of the dungeon, and saw 4 of its levels.

You collected 194 gold pieces.

Inventory:

Hand Weapons
 f - a +0 mace of holy wrath
Armour
 b - a +0 robe (worn)
 c - a +0 hat (worn)
Magical Staves
 q - a staff of death (weapon)
Jewellery
 j - an amulet of the acrobat (around neck)
 n - a ring of resist corrosion (left hand)
Scrolls
 h - a scroll of immolation {unknown}
 i - a scroll of noise {unknown}
 k - 2 scrolls of fear {unknown}
 m - a scroll of identify {unknown}
 p - a scroll of revelation {unknown}
Potions
 g - 3 potions of curing
 l - a potion of mutation {unknown}
 o - 2 potions of might {unknown}


   Skills:
 - Level 2.6 Fighting
 - Level 4.8 Maces & Flails
 + Level 0.0(3.2) Staves
 - Level 2.0 Throwing
 - Level 2.6 Dodging
 + Level 0.0 Necromancy


You had 2 spell levels left.
You knew the following spells:

 Your Spells              Type           Power      Damage    Failure   Level
a - Necrotise             Necr           0%         1d4       34%         1

Your spell library contained the following spells:

 Spells                   Type           Power      Damage    Failure   Level
 Freeze                   Ice            0%         1d3       34%         1
 Slow                     Hex            0%         N/A       34%         1
 Cigotuvi's Dreadful Rot  Necr/Pois/Air  0%         N/A       47%         2
 Sublimation of Blood     Necr           0%         N/A       47%         2
 Confusing Touch          Hex            0%         N/A       71%         3
 Frozen Ramparts          Ice            0%         1d1       71%         3
 Hailstorm                Conj/Ice       0%         3d3       71%         3
 Sigil of Binding         Hex            0%         N/A       71%         3
 Vampiric Draining        Necr           0%         2d6       71%         3
 Animate Dead             Necr           0%         N/A       98%         4


Dungeon Overview and Level Annotations

Branches:
Dungeon (3/15)

Altars:
Kikubaaqudgha
Ru

Annotations:
D:4 Pikel


Innate Abilities, Weirdness & Mutations

You are too large for most types of armour.
You have tough skin. (AC +1)


Message History

Aim: Pikel, wielding a +1 whip of electrocution, wearing a +0 robe and carrying a wand of mindburst (45% to hit)
You throw a large rock. The large rock misses Pikel.
You hear a shout! x2
You hear a shout! x2
Pikel zaps a wand.
Your mind is blasted!
You start resting.
Pikel is nearby!
Throw: 2 throwing nets
Press: ? - help, Q - select action, (/) - cycle Shift-Dir - straight line, f/p - Pikel
Aim: Pikel, wielding a +1 whip of electrocution, wearing a +0 robe and carrying a wand of mindburst (45% to hit)
You throw a throwing net. The throwing net barely misses Pikel.
Throw: throwing net
Press: ? - help, Q - select action, (/) - cycle Shift-Dir - straight line, f/p - Pikel
Aim: Pikel, wielding a +1 whip of electrocution, wearing a +0 robe and carrying a wand of mindburst (45% to hit)
You throw a throwing net. The throwing net hits Pikel.
Pikel is caught in the net!
Pikel zaps a wand.
Your mind is blasted!
Pikel struggles against the net.
You hit Pikel.
Pikel is lightly wounded.
You hit Pikel but do no damage.
Pikel is lightly wounded.
Pikel says, "You'll rust in Dis!"
Pikel zaps a wand.
Your mind is blasted!
* * * LOW HITPOINT WARNING * * *
Pikel struggles against the net.
You hit Pikel.
Pikel is lightly wounded.
You hit Pikel but do no damage.
Pikel is lightly wounded.
Pikel struggles against the net.
You hit Pikel.
Pikel is moderately wounded.
Pikel struggles against the net.
Okay, then.
You hit Pikel.
Pikel is moderately wounded.
Pikel zaps a wand.
Your mind is blasted!
You die...
Pikel says, "See you in Hell!"
Kikubaaqudgha rasps: "You have failed me!
Welcome... death!"

#.# #.# #K#
#.# #.# #.#
#.. ###.#
#...
..#(#########
##...
#.#.K@.......
#.....
#.#..######.#
#...#. #.#..#
#....###.#..#
#......#.#..#
#...........#
#.####.#.##.#
#....#.##.#
#.####.##.#


You could see Pikel (caught).

Vanquished Creatures
  4 adders
  A dart slug (D:3)
  3 endoplasms
  5 giant cockroaches
  5 goblins
  8 hobgoblins
  6 quokkas
  8 ball pythons
  5 bats
  5 frilled lizards
  8 kobolds
  3 rats
  A spectral hobgoblin (D:2)
62 creatures vanquished.

Notes
Turn   | Place    | Note
-------+----------+-------------------------------------------
     0 | D:1      | BarneyGumball the Ogre Gladiator began the quest for the
                  | Orb.
     0 | D:1      | Reached XP level 1. HP: 22/22 MP: 1/1
   253 | D:1      | Reached skill level 3 in Maces & Flails
   350 | D:1      | Reached XP level 2. HP: 29/29 MP: 2/2
   764 | D:1      | Reached XP level 3. HP: 29/36 MP: 3/3
  1227 | D:2      | Found a sacrificial altar of Ru.
  1258 | D:2      | Reached skill level 4 in Maces & Flails
  1383 | D:2      | Found a faded altar of an unknown god.
  1397 | D:2      | Prayed at the altar of an unknown god.
  1397 | D:2      | Became a worshipper of Kikubaaqudgha
  1397 | D:2      | Reached * piety under Kikubaaqudgha
  1397 | D:2      | Received a gift from Kikubaaqudgha
  1918 | D:3      | Reached XP level 4. HP: 32/44 MP: 4/4
  2300 | D:3      | Reached ** piety under Kikubaaqudgha
  2621 | D:3      | Learned a level 1 spell: Necrotise
  2681 | D:3      | You fall into a shaft and drop 1 floor!
  2704 | D:4      | Noticed Pikel
  2720 | D:4      | Blown up by Pikel

Illustrated notes

Levels and vault maps discovered:
D:1:      roderic_octagonal_star, layout_basic
D:2:      layout_rooms, basic_altar, dreamdust_ecumenical_altar_drowned_temple
D:3:      layout_basic, minmay_quadrilaterals
D:4:      layout_basic, jmf_multi_god_temple, zin_treasury, gammafunk_ghost_icy,
          chequers_serial_rivers_micro_c, uniq_pikel

Skill      XL: |  1  2  3 |
---------------+----------+-----
Maces & Flails | 3 4 |  4.8
Fighting       | |  2.6
Throwing       | |  2.0
Dodging        | |  2.6

Action                     |  1- 3 |  4- 6 || total
---------------------------+-------+-------++-------
  Melee: Flail             |   140 |    77 ||   217
         Punch             |     1 |       ||     1
         Staff             |       |    10 ||    10
  Throw: Throwing net      |       |     5 ||     5
         Large rock        |       |     2 ||     2
    Use: Potion            |       |     1 ||     1
   Stab: Sleeping          |     1 |     1 ||     2
         Held in net/web   |       |     1 ||     1
 Armour: Robe              |    99 |    48 ||   147
  Dodge: Dodged            |    71 |    42 ||   113

Table legend: (Time is in decaauts)
 A = Elapsed time spent in this place.
 B = Non-inter-level travel time spent in this place.
 C = Inter-level travel time spent in this place.
 D = Time resting spent in this place.
 E = Time spent auto-exploring this place.
 F = Levels seen in this place.
 G = Mean time per level.
                   A        B        C        D        E       F      G
               +--------+--------+--------+--------+--------+-----+--------+
         Total |   2764 |   2720 |     44 |     11 |   2125 |   4 |  691.0 |
       Dungeon |   2764 |   2720 |     44 |     11 |   2125 |   4 |  691.0 |
               +--------+--------+--------+--------+--------+-----+--------+

Top non-repeatable levels by time:
     D:1: 1220 daAuts
     D:3: 891 daAuts
     D:2: 612 daAuts
     D:4: 39 daAuts
